 Dungeon Crawl Stone Soup version 0.22-a0-247-gbddf880 (webtiles) character file.

55833 4thArraOfDagon the Cleaver (level 14, -11/115 HPs)
             Began as a Demigod Summoner on Feb 25, 2018.
             Drowned by a drowned soul (14 damage)
             ... summoned by a merfolk avatar
             ... on level 6 of the Lair of Beasts.
             The game lasted 01:22:47 (11953 turns).

4thArraOfDagon the Cleaver (Demigod Summoner)      Turns: 11953, Time: 01:22:48

Health: -11/115    AC:  9    Str: 14    XL:     14   Next: 6%
Magic:  36/36      EV: 20    Int: 27    God:
Gold:   491        SH:  3    Dex: 26    Spells: 9/25 levels left

rFire    . . .     SeeInvis +   J - +2 battleaxe (vamp)
rCold    + + .     Gourm    .   (shield currently unavailable)
rNeg     + . .     Faith    .   A - +2 troll leather armour
rPois    .         Spirit   .   d - +2 helmet
rElec    .         Reflect  +   (no cloak)
rCorr    .         Harm     .   u - +0 pair of gloves
MR       ++...                  o - +0 pair of boots
Stlth    +.........             F - amulet of Bailo {Reflect Fragile MR+ Str+3 Dex+10 SH+3}
HPRegen  0.69/turn              U - ring "Rusiesa" {rC+ Slay+3 SInv}
MPRegen  0.25/turn              j - ring "Denac" {rC+ rN+ MP+9}

@: mesmerised, studying Ice Magic, very slow
A: deformed body, high mp 1
a: no special abilities


You were on level 6 of the Lair of Beasts.
You were not hungry.

You visited 3 branches of the dungeon, and saw 23 of its levels.
You also visited: Sewer and Ice Cave.

You collected 1724 gold pieces.
You spent 1233 gold pieces at shops.

Inventory:

Hand Weapons
 J - a +2 vampiric battleaxe (weapon)
 O - a +10 blowgun
Missiles
 n - 3 javelins (quivered)
 N - 5 curare-tipped needles
Armour
 d - a +2 helmet (worn)
 o - a +0 pair of boots (worn)
 u - a +0 pair of gloves (worn)
 z - +0 fire dragon scales
 A - a +2 troll leather armour (worn)
 R - a +2 robe of positive energy
Magical Staves
 M - an uncursed staff of air
Jewellery
 c - an uncursed ring of resist corrosion
 e - a +2 ring of intelligence
 j - the ring "Denac" (right hand) {rC+ rN+ MP+9}
   (You took it off a deep elf high priest on level 13 of the Dungeon)

   [ring of magical power]

   It protects you from cold.
   It protects you from negative energy.
   It affects your magic capacity (+9).
 C - an uncursed ring of see invisible
 F - the amulet of Bailo (around neck) {Reflect Fragile MR+ Str+3 Dex+10 SH+3}
   (You bought it in a shop on level 4 of the Dungeon)

   [amulet of reflection]

   It shields you and reflects attacks.
   It affects your strength (+3).
   It affects your dexterity (+10).
   It affects your resistance to hostile enchantments.
   It will be destroyed if unequipped.
   It affects your SH (+3).
 L - an uncursed ring of wizardry
 U - the ring "Rusiesa" (left hand) {rC+ Slay+3 SInv}
   (You bought it in a shop on level 2 of the Orcish Mines)

   [ring of protection from cold]

   It affects your accuracy and damage with ranged weapons and melee attacks
   (+3).
   It protects you from cold.
   It lets you see invisible.
 Y - an uncursed ring of ice {unknown}
Wands
 v - a wand of flame (43)
 y - a wand of clouds (5)
 Q - a wand of iceblast (15)
 S - a wand of random effects (43)
 T - a wand of polymorph (31)
 V - a wand of scattershot (6)
 X - a wand of paralysis (5)
Scrolls
 q - 6 scrolls of teleportation
 r - 2 scrolls of amnesia
 B - 5 scrolls of remove curse
 D - a scroll of fog
 G - a scroll of summoning
 K - a scroll of brand weapon
 P - a scroll of blinking
Potions
 a - a potion of flight {unknown}
 f - 2 potions of might
 h - 3 potions of cancellation
 i - a potion of invisibility {unknown}
 k - 3 potions of berserk rage
 l - a potion of ambrosia
 m - 3 potions of brilliance
 p - 3 potions of agility
 s - 4 potions of curing
 w - 2 potions of heal wounds
 I - a potion of degeneration
 W - 2 potions of lignification {unknown}
Books
 g - a manual of Ice Magic
 Z - a manual of Ice Magic
Miscellaneous
 x - a box of beasts
 E - a crystal ball of energy
Comestibles
 b - 12 rations
 t - 5 chunks of flesh


   Skills:
 - Level 8.1 Fighting
 * Level 14.9 Axes
 - Level 8.4 Dodging
 - Level 1.7 Stealth
 - Level 6.0 Spellcasting
 * Level 2.0 Charms
 - Level 11.4 Summonings
 * Level 2.0 Necromancy
 - Level 5.1 Ice Magic
 - Level 1.9 Air Magic


You had 9 spell levels left.
You knew the following spells:

 Your Spells              Type           Power        Failure   Level  Hunger
a - Summon Small Mammal   Summ           ####         1%          1    None
b - Call Canine Familiar  Summ           ######..     1%          3    None
c - Summon Lightning Spi  Summ/Air       #####...     5%          4    ###....
d - Metabolic Englaciati  Hex/Ice        ###.......   63%         5    #####..
e - Regeneration          Chrm/Necr      ###.......   11%         3    None


Dungeon Overview and Level Annotations

Branches:
Dungeon (15/15)            Temple (0/1) D:5            Lair (6/6) D:11
    Orc (2/2) D:11            Elf (0/3) Orc:2
  Swamp: Lair:2-4    Shoals: Lair:2-4     Snake: Lair:2-4    Spider: Lair:2-4
  Slime: Lair:5-6    Vaults: D:13-14     Depths: D:15

Shops:
D:4 =   D:8 %}   Orc:2 =(=*

Portals:
Trove: D:10 (give +3 shadow dragon scales)


Innate Abilities, Weirdness & Mutations

You have an increased reservoir of magic. (+10% MP)
Armour fits poorly on your strangely shaped body.


Message History

* * * LOW HITPOINT WARNING * * *
The drowned soul is engulfed in a cloud of scalding steam.
You destroy the drowned soul!
The merfolk avatar is engulfed in a cloud of scalding steam.
The merfolk avatar chants its luring song.
Unknown command.
Evoke which item? (* to show all) (? for menu, Esc to quit)
Aiming: Throw Flame
Press: ? - help, Shift-Dir - straight line, f/p - merfolk avatar
Aim: a merfolk avatar (steam, water, almost dead, covered in acid, mesmerising)
The puff of flame misses the merfolk avatar.
You are engulfed in a cloud of scalding steam.
The pull of its song draws you forwards.
The drowned soul touches you. The drowned soul drowns you!
* * * LOW HITPOINT WARNING * * *
The merfolk avatar is engulfed in a cloud of scalding steam.
The merfolk avatar chants its luring song.
The drowned soul is engulfed in a cloud of scalding steam.
The drowned soul touches you. The drowned soul drowns you!
You die...

..≈##≈####################≈......
..≈##≈.≈ #.≈ ≈≈≈≈≈≈≈# ≈#≈##....
...≈≈≈≈≈≈ #≈≈≈≈≈≈≈≈P≈# ≈≈≈≈≈≈≈...
..≈P≈≈≈≈≈ #≈≈≈≈P≈≈P≈≈#≈≈≈#≈≈≈....
...##≈≈ ≈#≈≈≈§≈≈P≈≈≈#≈P≈#≈##....
..≈#.≈# ≈.≈#≈[§[=≈≈≈≈≈≈≈#≈.#....
..≈≈≈≈P ≈.≈≈≈)§≈$≈≈≈≈≈8≈≈≈≈≈≈...
...P≈≈≈ #.≈P≈(Wm§≈≈≈≈≈≈≈≈≈≈≈≈...
...##≈# ≈.≈≈≈[$@(≈≈≈≈≈≈≈.≈#.....
...#.≈≈ ≈#≈≈≈≈§≈§≈≈≈#≈≈≈#≈##≈...
...≈≈≈≈ #≈≈≈≈≈≈#≈P≈#≈≈≈#≈≈≈≈...
..≈≈≈≈≈ #≈≈≈#≈#≈≈≈≈#≈≈≈≈≈≈≈....
..≈##≈# #8≈≈≈≈≈≈≈≈.#8≈≈(≈##....
..≈..≈# ######.)8.########≈##....
..≈≈≈≈ ≈≈≈≈≈≈≈≈#≈≈≈≈≈≈≈≈≈≈≈≈≈....
...≈≈≈≈≈≈≈≈≈≈≈≈≈≈≈≈≈≈≈≈≈≈≈≈≈≈≈...
..≈##≈≈ #≈≈##≈≈.#≈≈##≈≈.#≈≈##....


You could see a merfolk avatar and a drowned soul.

Vanquished Creatures
  An ice dragon (Lair:5)
  A centaur warrior (D:11)
  4 two-headed ogres
  3 orc high priests (Orc:2)
  A skeletal warrior (D:13)
  An unseen horror (D:11)
  A sea snake (Lair:6)
  2 orc knights (Orc:2)
  2 orc sorcerers (Orc:2)
  2 cyclopes
  3 elephants (Lair:6)
  2 centaur zombies (D:11)
  An ice statue (IceCv)
  10 spiny frogs
  A torpor snail (Lair:5)
  A centaur skeleton (D:13)
  7 komodo dragons
  8 rime drakes
  8 freezing wraiths (IceCv)
  2 trolls (Orc:2)
  4 polar bears
  2 hornets
  5 blink frogs (Lair:1)
  6 dream sheep
  2 slime creatures (D:14)
  A hippogriff (Lair:5)
  20 yaks
  2 hungry ghosts (D:11)
  3 basilisks
  3 wargs
  3 water moccasins
  2 porcupines
  25 orc warriors
  A black bear (D:9)
  5 ice beasts (IceCv)
  4 ogres (Orc:2)
  6 wolves
  8 crocodiles
  A centaur (D:13)
  8 bullfrogs
  A scorpion (D:11)
  A troll zombie (D:11)
  An electric eel (D:13)
  2 crimson imps
  3 draconian simulacra (IceCv)
  13 orc priests (Orc:2)
  A bullfrog skeleton (D:11)
  9 orc wizards
  2 worker ants
  An iguana (D:12)
  5 troll simulacra (IceCv)
  A centaur simulacrum (IceCv)
  2 ogre zombies (D:11)
  A howler monkey zombie (D:11)
  A howler monkey skeleton (D:11)
  An adder (D:11)
  An ogre simulacrum (IceCv)
  9 white imps (IceCv)
  2 adder zombies
  An adder skeleton (D:9)
  2 worms
  A dart slug (D:4)
  A leopard gecko (D:6)
  62 orcs
  5 bats (Sewer)
  A giant cockroach (D:1)
  4 goblins
  2 hobgoblins
  A jackal (D:1)
  A quokka (D:9)
  2 ball pythons
  2 frilled lizards
  4 hobgoblin zombies (D:11)
  2 kobolds
  2 orc skeletons (D:11)
  11 orc zombies (D:11)
  5 rats
  2 fungi (Lair:6)
340 creatures vanquished.

Vanquished Creatures (collateral kills)
  An orc warlord (Orc:2)
  2 ettins (D:13)
  A deep elf high priest (D:13)
  7 hydras
  A catoblepas (Lair:3)
  2 two-headed ogres
  3 centaur warriors
  2 orc high priests (Orc:2)
  2 tengu warriors
  Sonja (D:11)
  The ghost of Amnesiac the Prestidigitator, a novice DDAr of Gozag (D:6)
  A hell knight (D:13)
  3 unseen horrors
  A necromancer (IceCv)
  2 ugly things
  An orc knight (Orc:1)
  A deep elf mage (D:11)
  2 manticores
  2 orc sorcerers (Orc:1)
  A cyclops (shapeshifter) (D:13)
  An elephant (Lair:6)
  A gargoyle (D:13)
  2 spiny frogs
  2 centaur zombies
  4 rime drakes
  3 freezing wraiths
  A tengu conjurer (D:13)
  2 komodo dragons
  8 trolls
  A wolf spider simulacrum (IceCv)
  3 hornets
  7 dream sheep
  10 slime creatures
  3 hippogriffs
  A wraith (D:13)
  A vampire (D:14)
  A wyvern (D:8)
  8 yaks
  A basilisk (Lair:2)
  4 hungry ghosts
  2 vampire mosquitoes (D:13)
  A soldier ant (D:12)
  2 water moccasins
  10 orc warriors
  A sky beast (D:11)
  5 ice beasts
  3 phantoms
  An alligator simulacrum (IceCv)
  A centaur (shapeshifter) (D:14)
  3 ogres
  4 wolves
  6 centaurs
  A crocodile (Sewer)
  3 big kobolds
  8 bullfrogs
  3 scorpions
  9 killer bees
  3 wights
  6 howler monkeys
  3 crimson imps
  2 bullfrog zombies (D:12)
  2 draconian simulacra (IceCv)
  2 quasits
  10 orc priests
  A jelly (D:6)
  A bullfrog skeleton (D:5)
  A gnoll shaman (D:4)
  5 hounds
  8 orc wizards
  A centaur skeleton (D:4)
  2 iguanas
  5 worker ants
  2 polar bear simulacra (IceCv)
  4 troll simulacra (IceCv)
  4 ogre zombies (D:11)
  A centaur simulacrum (IceCv)
  A hound zombie (D:8)
  2 hound skeletons
  3 gnolls (D:4)
  8 adders
  A naga simulacrum (IceCv)
  2 ogre simulacra (IceCv)
  A river rat (D:5)
  3 white imps (IceCv)
  A dart slug (D:2)
  A leopard gecko (D:4)
  37 orcs
  A giant cockroach (D:1)
  2 goblins (D:1)
  4 hobgoblins
  5 jackals
  17 kobolds
  A ball python (D:5)
  3 bats
  2 frilled lizards (D:1)
  A goblin skeleton (D:11)
  2 hobgoblin zombies (D:11)
  An orc skeleton (D:11)
  4 orc zombies (D:11)
  A quokka skeleton (D:6)
  A rat (D:1)
  A fungus (Lair:4)
333 creatures vanquished.

Vanquished Creatures (others)
  11 fungi
  10 plants
21 creatures vanquished.

Grand Total: 694 creatures vanquished

Notes
Turn   | Place    | Note
-------+----------+-------------------------------------------
     0 | D:1      | 4thArraOfDagon the Demigod Summoner began the quest for the Orb.
     0 | D:1      | Reached XP level 1. HP: 14/14 MP: 5/5
   155 | D:1      | Reached XP level 2. HP: 11/20 MP: 5/7
   506 | D:2      | Reached XP level 3. HP: 19/26 MP: 4/8
   511 | D:2      | Learned a level 3 spell: Call Canine Familiar
   659 | D:3      | Found a blossoming altar of Fedhas.
   811 | D:4      | Reached skill level 5 in Summonings
   941 | D:4      | Reached XP level 4. HP: 20/33 MP: 9/9
  1058 | D:4      | Noticed a phantom
  1075 | D:4      | Found Ijokani's Jewellery Shop.
  1101 | D:4      | Killed a phantom
  1101 | D:4      | Reached XP level 5. HP: 14/38 MP: 9/11
  1211 | D:5      | Entered Level 5 of the Dungeon
  1251 | D:5      | Learned a level 4 spell: Summon Lightning Spire
  1309 | D:5      | Noticed a phantom
  1342 | D:5      | Found a staircase to the Ecumenical Temple.
  1382 | D:5      | Found a glowing drain.
  1403 | Sewer    | Entered a sewer
  1484 | Sewer    | Reached skill level 1 in Air Magic
  1722 | D:5      | Found a shadowy altar of Dithmenos.
  1722 | D:5      | Found a basalt altar of Yredelemnul.
  1723 | D:5      | Found a hide-covered altar of Uskayaw.
  1758 | D:5      | Killed a phantom
  1758 | D:5      | Reached XP level 6. HP: 27/45 MP: 7/13
  2203 | D:6      | Noticed Amnesiac's ghost (novice DDAr)
  2391 | D:6      | Killed Amnesiac's ghost
  2391 | D:6      | Reached XP level 7. HP: 39/50 MP: 10/15
  2451 | D:7      | Found a stormy altar of Qazlal.
  2678 | D:8      | Found Qauciov's Food Boutique.
  2718 | D:8      | Noticed a wyvern
  2729 | D:8      | Killed a wyvern
  2761 | D:7      | Noticed a hungry ghost
  2767 | D:7      | Killed a hungry ghost
  3047 | D:9      | Found a glowing silver altar of Zin.
  3087 | D:9      | Noticed a hippogriff
  3096 | D:9      | Killed a hippogriff
  3096 | D:9      | Reached XP level 8. HP: 56/57 MP: 10/18
  3158 | D:8      | Found Kusu Yli's Gadget Emporium.
  3230 | D:10     | Entered Level 10 of the Dungeon
  3373 | D:10     | Reached skill level 5 in Spellcasting
  3397 | D:10     | HP: 2/57 [orc warrior/halberd (14)]
  3521 | D:10     | Noticed a tengu warrior
  3538 | D:10     | Killed a tengu warrior
  3733 | D:10     | Found a portal to a secret trove of treasure.
  3803 | D:9      | Noticed a hornet
  3804 | D:9      | Paralysed by a hornet for 3 turns
  3807 | D:9      | Killed a hornet
  4026 | D:12     | Reached skill level 10 in Summonings
  4044 | D:12     | Reached XP level 9. HP: 50/62 MP: 14/21
  4461 | D:12     | Reached skill level 1 in Fighting
  4685 | D:12     | Noticed a green ugly thing
  4694 | D:12     | Killed a green ugly thing
  4718 | D:12     | Noticed a centaur warrior
  4737 | D:12     | Killed a centaur warrior
  4737 | D:12     | Reached XP level 10. HP: 47/77 MP: 9/22
  4855 | D:13     | Noticed a tengu warrior
  4922 | D:13     | Killed a tengu warrior
  4996 | D:13     | Reached skill level 5 in Dodging
  5048 | D:14     | Noticed an unseen horror
  5306 | D:12     | Noticed an unseen horror
  5328 | D:12     | Killed an unseen horror
  5328 | D:12     | Reached skill level 5 in Fighting
  5535 | D:4      | Bought the amulet of Bailo {Reflect Fragile MR+ Str+3 Dex+10 SH+3} for 550 gold pieces
  5792 | D:14     | Noticed a manticore
  5800 | D:14     | Killed a manticore
  6061 | D:15     | Entered Level 15 of the Dungeon
  6069 | D:15     | Noticed a deep elf mage
  6069 | D:15     | Noticed a red ugly thing
  6069 | D:15     | Noticed a red ugly thing
  6069 | D:15     | Noticed a red ugly thing
  6122 | D:14     | Noticed a cyan ugly thing
  6122 | D:14     | Noticed a cyan ugly thing
  6129 | D:14     | Noticed a cyan ugly thing
  6179 | D:13     | Noticed a centaur warrior
  6179 | D:13     | Noticed an ettin
  6184 | D:13     | Killed a centaur warrior
  6265 | D:13     | Killed an ettin
  6332 | D:13     | Noticed a centaur warrior
  6333 | D:13     | Noticed a cyclops
  6345 | D:13     | Killed a centaur warrior
  6350 | D:13     | Killed a cyclops
  6350 | D:13     | Reached XP level 11. HP: 69/91 MP: 3/24
  6455 | D:13     | Noticed a catoblepas
  6565 | D:13     | Noticed an unseen horror
  6565 | D:13     | Noticed a skeletal warrior
  6684 | D:13     | Killed a skeletal warrior
  6702 | D:13     | Killed an unseen horror
  6765 | D:13     | Noticed a hell knight
  6859 | D:13     | Noticed an ettin
  6859 | D:13     | Noticed a fire giant
  6905 | D:13     | Killed an ettin
  7002 | D:13     | Turgon: !stalk Nebukadnezar
  7053 | D:13     | Noticed a deep elf high priest
  7065 | D:13     | Killed a deep elf high priest
  7067 | D:13     | Got a coiled pewter ring
  7083 | D:13     | Turgon: I'm just wondering about god choice
  7083 | D:13     | Identified the ring "Denac" {rC+ rN+ MP+9} (You took it off a deep elf high priest on level 13 of the Dungeon)
  7175 | D:13     | Nebukadnezar: stopped playing. Don't have *** with ly often
  7175 | D:13     | beem: Nebukadnezar the L8 HOWr^Ely in Temple (cxc tiles), T:7130, defenses: 7/8/8, stats: 16/13/10
  7180 | D:13     | Killed a hell knight
  7180 | D:13     | Reached skill level 1 in Axes
  7259 | D:11     | Turgon: Continue with her?
  7287 | D:11     | Reached skill level 2 in Axes
  7293 | D:11     | Reached skill level 3 in Axes
  7336 | D:11     | Nebukadnezar: have to think and don't know yet. Won't play today abymore
  7338 | D:11     | Reached skill level 4 in Axes
  7351 | D:11     | Turgon: :-)
  7384 | D:11     | Found a staircase to the Lair.
  7387 | D:11     | Nebukadnezar: just watching Arra
  7415 | D:11     | Found a staircase to the Orcish Mines.
  7417 | D:11     | Noticed a two-headed ogre
  7422 | D:11     | Turgon: who has an insane early weapon
  7430 | D:11     | Killed a two-headed ogre
  7433 | D:11     | Noticed a five-headed hydra
  7448 | D:11     | Nebukadnezar: vamp..yes
  7448 | D:11     | Killed a five-headed hydra
  7448 | D:11     | Reached skill level 5 in Axes
  7478 | D:11     | Noticed a centaur warrior
  7486 | D:11     | Killed a centaur warrior
  7486 | D:11     | Reached skill level 6 in Axes
  7487 | D:11     | Turgon: So he's kind of playing Dg of Makh
  7488 | D:11     | Noticed an unseen horror
  7488 | D:11     | Nebukadnezar: :)
  7495 | D:11     | Killed an unseen horror
  7502 | D:11     | Turgon: And vamp > Makh heal
  7507 | D:11     | Noticed an unseen horror
  7533 | D:11     | Noticed Sonja
  7533 | D:11     | Turgon: ... iirc
  7541 | D:11     | Killed an unseen horror
  7541 | D:11     | Killed Sonja
  7585 | D:11     | Noticed a two-headed ogre
  7598 | D:11     | Killed a two-headed ogre
  7598 | D:11     | Reached skill level 7 in Axes
  7641 | D:11     | Reached XP level 12. HP: 77/101 MP: 25/25
  7744 | Orc:1    | Entered Level 1 of the Orcish Mines
  7764 | Orc:1    | Reached skill level 8 in Axes
  7843 | Orc:2    | Entered Level 2 of the Orcish Mines
  7931 | Orc:2    | Reached skill level 9 in Axes
  8187 | Orc:2    | Paralysed by an orc sorcerer for 5 turns
  8315 | Orc:2    | Reached skill level 10 in Axes
  8392 | Orc:2    | Found a staircase to the Elven Halls.
  8660 | Orc:2    | Found Asmaopn's General Store.
  8671 | Orc:2    | Found Gion Fouc's Jewellery Shop.
  8678 | Orc:2    | Found a roughly hewn altar of Beogh.
  8791 | Orc:2    | Bought the ring "Rusiesa" {rC+ Slay+3 SInv} for 683 gold pieces
  8882 | Orc:2    | Reached skill level 11 in Axes
  8933 | Orc:2    | Noticed an orc warlord
  8984 | Orc:2    | Killed an orc warlord
  9009 | Orc:2    | Found a roughly hewn altar of Beogh.
  9029 | Orc:2    | Found Riudix's Weapon Boutique.
  9060 | Orc:2    | Gained mutation: Armour fits poorly on your strangely shaped body. [a neqoxec]
  9231 | Orc:2    | Found Fugif's Jewellery Shop.
  9344 | Lair:1   | Entered Level 1 of the Lair of Beasts
  9385 | Lair:1   | Reached skill level 12 in Axes
  9435 | Lair:2   | Noticed a five-headed hydra
  9445 | Lair:2   | Killed a five-headed hydra
  9445 | Lair:2   | Reached XP level 13. HP: 107/107 MP: 26/26
  9776 | Lair:4   | Reached skill level 13 in Axes
 10187 | Lair:5   | sads
 10279 | Lair:5   | Found a frozen archway.
 10320 | Lair:5   | Reached skill level 14 in Axes
 10335 | IceCv    | Entered an ice cave
 10552 | IceCv    | Found an ancient bone altar of Kikubaaqudgha.
 10792 | IceCv    | Learned a level 5 spell: Metabolic Englaciation
 10921 | Lair:4   | Reached skill level 1 in Ice Magic
 10944 | Lair:4   | Got a fine mace
 11033 | Lair:6   | Entered Level 6 of the Lair of Beasts
 11549 | Lair:6   | Learned a level 3 spell: Regeneration
 11656 | Lair:6   | Reached skill level 1 in Charms
 11656 | Lair:6   | Reached skill level 1 in Necromancy
 11705 | Lair:6   | Reached skill level 5 in Ice Magic
 11713 | Lair:6   | Reached XP level 14. HP: 115/115 MP: 27/27
 11939 | Lair:6   | Found the +10 zealot's sword {holy, *Rage rN+ EV+3}
 11953 | Lair:6   | HP: 3/115 [drowned by a drowned soul[a merfolk avatar] (15)]
 11953 | Lair:6   | Drowned by a drowned soul

Vault maps used:
D:1:      dpeg_arrival_fog
D:3:      fedhas_altar_3, kennysheep_generic_room_8
D:4:      serial_shops, nicolae_shop_behind_doors, first_ration
D:5:      gammafunk_temple_overflow_claw, minmay_temple_entry_water_ring,
          cheibrodos_sewer_entry_sluice
D:6:      cheibrodos_quashed, corexii_corridor_pit
D:7:      nicolae_overflow_crystal_walls
D:8:      serial_shops, shop, nicolae_shop_trees, uniq_gastronok
D:9:      lemuel_doored_altar, hangedman_fish_farm
D:10:     enter_trove_3, minmay_bent
D:11:     lair_entry_dummy, zombieorc2_lemuel, minivault_28, uniq_sonja
D:13:     lemuel_traditional_vault
D:14:     david_vaults_2, minmay_misc_feat_x
D:15:     grunt_enter_depths_hoard, grunt_ministairs_15, laboratory
Lair:1:   grunt_megastairs_4, lemuel_fruit_fields, serial_bayou_shore_b,
          uniq_prince_ribbit2
Lair:2:   spider_nest_entry_webs
Lair:3:   minmay_shoals_entry_beasts, kennysheep_basilisk_garden
Lair:4:   columned_hall_lemuel, st_stairs_12
Lair:5:   minmay_slime_entry_oklob_enclosed,
          portal_ice_cave_entry_animals_and_master, basic_altar,
          grunt_forest_large_clearing_hut
Lair:6:   gammafunk_lair_ancient_temple
Orc:1:    lemuel_ogre_cave
Orc:2:    pubby_orc_utopia, serial_shops
Sewer:    sewer_big_baddie
IceCv:    ice_cave_small_necro

Skill      XL: |  1  2  3  4  5  6  7  8  9 10 11 12 13 14 |
---------------+-------------------------------------------+-----
Spellcasting   | 2 3 4 5 6 |  6.0
Summonings     | 4 5 6 7 8 10 11 | 11.4
Air Magic      | 1 |  1.9
Fighting       | 3 6 8 |  8.1
Dodging        | 3 7 8 |  8.4
Axes           | 7 12 14 | 14.9
Ice Magic      | 5 |  5.1
Charms         | 1 2 |  2.0
Necromancy     | 1 2 |  2.0
Stealth        | |  1.7

Action                   |  1- 3 |  4- 6 |  7- 9 | 10-12 | 13-15 || total
-------------------------+-------+-------+-------+-------+-------++-------
Melee: Club              |    12 |       |       |       |       ||    12
       Unarmed           |     3 |       |       |       |       ||     3
       Spear             |    62 |   101 |   114 |       |       ||   277
       Long sword        |       |       |     8 |       |       ||     8
       Battleaxe         |       |       |    18 |   605 |   437 ||  1060
 Cast: Summon Small Mamm |    34 |       |       |     1 |       ||    35
       Call Canine Famil |     6 |    15 |    29 |    58 |    12 ||   120
       Summon Lightning  |       |    12 |    44 |    55 |    34 ||   145
       Regeneration      |       |       |       |       |     5 ||     5
Evoke: Wand              |       |       |       |    12 |    10 ||    22
       Box of beasts     |       |       |       |     1 |       ||     1
  Use: Scroll            |     2 |     6 |     4 |     8 |     9 ||    29
       Potion            |     1 |       |       |     5 |       ||     6
 Stab: Sleeping          |     1 |     3 |     2 |     6 |     4 ||    16
       Distracted        |       |     1 |     5 |    15 |    11 ||    32
       Petrified         |       |       |       |       |     1 ||     1
  Eat: Ration            |     1 |     1 |     2 |     4 |     2 ||    10
       Chunk             |       |     2 |     8 |    18 |     6 ||    34
Armor: Robe              |    24 |    26 |    43 |       |       ||    93
       Troll leather arm |       |       |     7 |   141 |   111 ||   259
       Leather armour    |       |       |     5 |       |       ||     5
Dodge: Dodged            |    40 |    58 |    99 |   673 |   477 ||  1347
Block: Other             |       |       |       |    85 |    57 ||   142
       Reflection        |       |       |       |       |     1 ||     1
       Rpst.: Long sword |       |       |     1 |       |       ||     1

Table legend:
 A = Spawn XP
 B = Non-spawn XP
 C = Spawn XP percentage of total XP
 D = Spawn monster count
 E = Non-spawn monster count
 F = Spawn count percentage of total count
 G = Total turns spent on level
                    A         B        C        D         E        F      G
               +---------+---------+-------+---------+---------+-------+---------
         Total |       0 |   79762 |   0.0 |       0 |     670 |   0.0 | 11953
               +---------+---------+-------+---------+---------+-------+---------
           D:1 |       0 |      19 |   0.0 |       0 |      17 |   0.0 |   237
           D:2 |       0 |      32 |   0.0 |       0 |      10 |   0.0 |   345
           D:3 |       0 |      28 |   0.0 |       0 |      16 |   0.0 |   374
           D:4 |       0 |     176 |   0.0 |       0 |      10 |   0.0 |   556
           D:5 |       0 |     230 |   0.0 |       0 |      20 |   0.0 |   559
           D:6 |       0 |     453 |   0.0 |       0 |       8 |   0.0 |   334
           D:7 |       0 |     246 |   0.0 |       0 |      16 |   0.0 |   404
           D:8 |       0 |     226 |   0.0 |       0 |       4 |   0.0 |   321
           D:9 |       0 |     536 |   0.0 |       0 |      12 |   0.0 |   353
          D:10 |       0 |    1199 |   0.0 |       0 |      37 |   0.0 |   659
          D:11 |       0 |    9209 |   0.0 |       0 |      82 |   0.0 |   771
          D:12 |       0 |    4436 |   0.0 |       0 |      52 |   0.0 |   869
          D:13 |       0 |    8101 |   0.0 |       0 |      41 |   0.0 |  1521
          D:14 |       0 |    2094 |   0.0 |       0 |      12 |   0.0 |   330
        Lair:1 |       0 |    1913 |   0.0 |       0 |       8 |   0.0 |    91
        Lair:2 |       0 |    1257 |   0.0 |       0 |       5 |   0.0 |    82
        Lair:3 |       0 |    2208 |   0.0 |       0 |       8 |   0.0 |   121
        Lair:4 |       0 |    4915 |   0.0 |       0 |      22 |   0.0 |   285
        Lair:5 |       0 |    9399 |   0.0 |       0 |      40 |   0.0 |   728
        Lair:6 |       0 |   12230 |   0.0 |       0 |      42 |   0.0 |   761
         Orc:1 |       0 |    1810 |   0.0 |       0 |      17 |   0.0 |   291
         Orc:2 |       0 |   14218 |   0.0 |       0 |     131 |   0.0 |  1282
         Sewer |       0 |      58 |   0.0 |       0 |       6 |   0.0 |   120
         IceCv |       0 |    4769 |   0.0 |       0 |      54 |   0.0 |   541
               +---------+---------+-------+---------+---------+-------+---------
